Blackhawks vs Penguins
Created - April 5, 2020 at 19:03
Goals
|
| Blackhawks |
1 |
0 |
1 |
0 |
0 |
2 |
| Penguins |
2 |
0 |
0 |
0 |
1 |
3 |
|
Shots
|
| Blackhawks |
9 |
13 |
7 |
2 |
3 |
31 |
| Penguins |
11 |
12 |
4 |
1 |
2 |
28 |
|
1st period
1. Blackhawks , Rick Nash 20 (John Carlson 47) at 9:00
2. Penguins , Andrew Cogliano 24 (Steven Stamkos 49, Victor Hedman 23) at 10:04
3. Penguins , Claude Giroux 41 (Sean Zimmerman 28) at 17:12
Penalties :
Sean Bergenheim (Pit) for Holding (Minor) at 3:25
2nd period
No Goal
Penalties :
Rick Nash (Chi) for High sticking (Minor) at 17:59
3rd period
4. Blackhawks , Chris Kreider 35 (Mike Green 26) at 2:04 (PP)
Penalties :
Keith Aulie (Pit) for Unsportsmanlike conduct (Minor) at 0:23, Sean Bergenheim (Pit) for Interference (Minor) at 6:36, Dustin Brown (Pit) for Holding (Minor) at 18:29
Overtime #1
No Goal
Penalties :
No Penalty
Shootout
Blackhawks, Antoine Roussel - Stopped by Michal Neuvirth
Penguins, Claude Giroux - Stopped by Jimmy Howard
Blackhawks, Derick Brassard - Stopped by Michal Neuvirth
Penguins, Steven Stamkos - Goal!
Blackhawks, Chris Kreider - Stopped by Michal Neuvirth
Penalties :
No Penalty
Goalie Stats
Jimmy Howard (Chi), 26 saves from 28 shots - (0.929), OTL, 28-21-7, 65:00 minutes
Michal Neuvirth (Pit), 29 saves from 31 shots - (0.935), W, 28-20-5, 65:00 minutes
Players Stats for Blackhawks
Player Name G A P +/- PIM S H SB GA TA FO MP PP MP PK MP
------------------------------------------------------------------------------------
Antoine Roussel 0 0 0 0 0 4 3 1 1 0 2/3 21:12 3:31 0:58
Brandon Yip 0 0 0 0 0 1 1 0 0 0 1/1 13:38 0:00 0:39
Chris Kreider 1 0 1 -1 0 3 2 0 1 0 1/3 23:23 3:38 0:51
Cody Hodgson 0 0 0 0 0 2 0 0 1 1 4/9 18:09 3:31 0:00
David Jones 0 0 0 0 0 0 0 0 0 0 0/0 7:18 0:00 0:00
Derick Brassard 0 0 0 -1 0 2 2 0 2 0 14/29 23:09 3:38 0:00
Eric Brewer 0 0 0 0 0 0 0 1 0 1 0/0 21:05 0:00 0:00
Erik Christensen 0 0 0 0 0 0 2 0 1 0 6/10 13:14 0:00 0:22
Gabriel Bourque 0 0 0 0 0 3 0 0 0 0 0/0 7:48 0:00 0:04
John Carlson 0 1 1 0 0 1 0 2 0 1 0/0 27:47 4:38 1:16
Kevin Marshall 0 0 0 -1 0 0 1 1 0 0 0/0 16:32 0:00 0:43
Matthew Spiller 0 0 0 -1 0 0 0 0 1 1 0/0 19:18 2:31 0:43
Mike Green 0 1 1 0 0 4 4 1 1 1 0/0 24:23 4:38 1:16
Nathan Horton 0 0 0 -1 0 0 2 1 0 2 0/0 22:00 3:31 1:01
Rick Nash 1 0 1 0 2 4 5 0 0 0 0/1 18:59 3:38 0:00
Scott Gomez 0 0 0 0 0 2 0 1 1 0 1/2 6:57 0:00 0:00
Seth Jones 0 0 0 0 0 4 0 0 2 0 0/0 20:13 2:31 0:00
Tomas Fleischmann 0 0 0 0 0 1 0 0 0 0 0/1 12:55 0:00 0:03
Players Stats for Penguins
Player Name G A P +/- PIM S H SB GA TA FO MP PP MP PK MP
------------------------------------------------------------------------------------
Ales Hemsky 0 0 0 0 0 1 0 0 0 0 0/0 6:38 0:00 0:00
Andrew Cogliano 1 0 1 0 0 7 0 2 1 2 0/0 24:03 1:02 2:30
Cal Clutterbuck 0 0 0 0 0 0 1 2 0 1 0/0 12:55 0:00 1:18
Claude Giroux 1 0 1 1 0 1 2 2 0 0 4/8 21:25 1:02 4:32
Danny DeKeiser 0 0 0 1 0 0 0 3 0 1 0/0 23:21 0:54 3:15
Dustin Brown 0 0 0 0 2 1 2 1 1 0 0/1 19:02 0:57 0:00
Eric Gryba 0 0 0 0 0 0 2 1 0 1 0/0 14:54 0:00 2:28
Joe Colborne 0 0 0 0 0 2 1 0 0 0 5/9 11:49 0:00 0:00
Keith Aulie 0 0 0 0 2 1 0 1 0 1 0/0 29:23 1:05 3:56
Logan Couture 0 0 0 1 0 1 2 0 1 0 5/10 17:49 0:57 1:48
Marcus Foligno 0 0 0 0 0 1 1 0 1 1 0/0 14:38 0:00 1:19
Matt Corrente 0 0 0 0 0 1 2 1 0 1 0/0 11:48 0:00 0:00
Sean Bergenheim 0 0 0 1 4 2 1 1 0 0 0/0 18:08 0:57 1:55
Sean Zimmerman 0 1 1 0 0 1 2 0 1 1 0/0 30:28 0:54 5:10
Steven Stamkos 0 1 1 0 0 6 1 1 2 1 15/29 22:29 1:02 1:18
Tomas Plekanec 0 0 0 0 0 0 0 0 0 0 1/2 6:38 0:00 0:00
Tuomo Ruutu 0 0 0 0 0 1 0 0 0 1 0/0 6:45 0:00 0:07
Victor Hedman 0 1 1 1 0 2 1 1 0 0 0/0 20:05 1:05 0:27
3 Stars
1 - Claude Giroux (Pit)
2 - Andrew Cogliano (Pit)
3 - Michal Neuvirth (Pit)
Power Play
Blackhawks - 1 on 4 Attempt(s) - 25.00%
Penguins - 0 on 1 Attempt(s) - 0.00%
Penalty Kill
Blackhawks - 1 on 1 Attempt(s) - 100.00%
- Score 0 goal in Penalty Kill
Penguins - 3 on 4 Attempt(s) - 75.00%
- Score 0 goal in Penalty Kill
Team Stat
Blackhawks - Hits : 22 - Faceoff Wins : 29 - Blocked Shots : 8 - Penalty Minutes : 2
Penguins - Hits : 18 - Faceoff Wins : 30 - Blocked Shots : 16 - Penalty Minutes : 8
Official
Referees : Unknown
Linesman : Unknown
Game Notes
No Game Note
Finance
Level 1 -- Attendance: 4658 (77.63%) -- Ticket Income $558,960
Level 2 -- Attendance: 4279 (85.58%) -- Ticket Income $299,530
Level 3 -- Attendance: 1608 (80.40%) -- Ticket Income $72,360
Level 4 -- Attendance: 2845 (71.13%) -- Ticket Income $99,575
Luxury Box -- Attendance: 791 (79.10%) -- Ticket Income $158,200
Game was played at the Igloo.
Total Attendance: 14181 (78.78%)
Total Ticket Income: $1,188,625
Other Income: $178,294
Total Income: $1,366,919
Blackhawks
5 vs 5 Forward
Center Left Wing Right Wing Time % Phy DF OF
1 Derick Brassard Chris Kreider Nathan Horton 40 1 2 2
2 Cody Hodgson Antoine Roussel Rick Nash 30 1 2 2
3 Erik Christensen Tomas Fleischmann Brandon Yip 20 1 2 2
4 Scott Gomez Gabriel Bourque David Jones 10 1 2 2
5 vs 5 Defense
Defense Defense Time % Phy DF OF
1 Eric Brewer John Carlson 40 1 2 2
2 Mike Green Seth Jones 35 1 2 2
3 Matthew Spiller Kevin Marshall 25 1 2 2
4 Mike Green John Carlson 0 1 2 2
PowerPlay Forward
Center Left Wing Right Wing Time % Phy DF OF
1 Derick Brassard Chris Kreider Rick Nash 60 1 2 2
2 Cody Hodgson Antoine Roussel Nathan Horton 40 1 2 2
PowerPlay Defense
Defense Defense Time % Phy DF OF
1 Mike Green John Carlson 60 1 2 2
2 Matthew Spiller Seth Jones 40 1 2 2
Penalty Kill 4 Players Forward
Center Wing Time % Phy DF OF
1 Antoine Roussel Nathan Horton 60 1 2 2
2 Chris Kreider Tomas Fleischmann 40 1 2 2
Penalty Kill 4 Players Defense
Defense Defense Time % Phy DF OF
1 Mike Green John Carlson 60 1 2 2
2 Matthew Spiller Kevin Marshall 40 1 2 2
Penalty Kill - 3 Players Forward
Forward Time % Phy DF OF
1 Antoine Roussel 60 1 2 2
2 Nathan Horton 40 1 2 2
Penalty Kill - 3 Players Defense
Defense Defense Time % Phy DF OF
1 Mike Green John Carlson 60 1 2 2
2 Matthew Spiller Kevin Marshall 40 1 2 2
4 vs 4 Forward
Center Wing Time % Phy DF OF
1 Antoine Roussel Derick Brassard 60 1 2 2
2 Chris Kreider Rick Nash 40 1 2 2
4 vs 4 Defense
Defense Defense Time % Phy DF OF
1 Mike Green John Carlson 60 1 2 2
2 Matthew Spiller Eric Brewer 40 1 2 2
Last Minutes Offensive
Center Left Wing Right Wing Defense Defense
Derick Brassard Chris Kreider Rick Nash Mike Green John Carlson
Last Minutes Defensive
Center Left Wing Right Wing Defense Defense
Derick Brassard Chris Kreider Rick Nash Mike Green John Carlson
Goaltenders
Starting : Jimmy Howard
Backup : Ray Emery
Extra Forwards
Normal : Tomas Fleischmann, Erik Christensen, Brandon Yip - PP : Tomas Fleischmann, Erik Christensen - PK : Brandon Yip
Extra Defensemen
Normal : Seth Jones, Kevin Marshall, Matthew Spiller - PP : Seth Jones - PK : Kevin Marshall, Matthew Spiller
Penalty Shots
Antoine Roussel, Derick Brassard, Chris Kreider, Rick Nash, Cody Hodgson
Scratches
Justin Falk (Healthy)
Penguins
5 vs 5 Forward
Center Left Wing Right Wing Time % Phy DF OF
1 Steven Stamkos Andrew Cogliano Dustin Brown 40 0 2 3
2 Logan Couture Sean Bergenheim Claude Giroux 30 0 2 3
3 Joe Colborne Marcus Foligno Cal Clutterbuck 20 0 2 3
4 Tomas Plekanec Tuomo Ruutu Ales Hemsky 10 0 2 3
5 vs 5 Defense
Defense Defense Time % Phy DF OF
1 Sean Zimmerman Keith Aulie 40 1 2 2
2 Danny DeKeiser Victor Hedman 30 1 2 2
3 Eric Gryba Matt Corrente 20 1 2 2
4 Sean Zimmerman Keith Aulie 10 1 2 2
PowerPlay Forward
Center Left Wing Right Wing Time % Phy DF OF
1 Steven Stamkos Andrew Cogliano Claude Giroux 60 0 0 5
2 Logan Couture Sean Bergenheim Dustin Brown 40 0 0 5
PowerPlay Defense
Defense Defense Time % Phy DF OF
1 Victor Hedman Keith Aulie 60 0 1 4
2 Sean Zimmerman Danny DeKeiser 40 0 1 4
Penalty Kill 4 Players Forward
Center Wing Time % Phy DF OF
1 Claude Giroux Sean Bergenheim 60 0 5 0
2 Steven Stamkos Cal Clutterbuck 40 0 5 0
Penalty Kill 4 Players Defense
Defense Defense Time % Phy DF OF
1 Sean Zimmerman Keith Aulie 60 1 4 0
2 Danny DeKeiser Eric Gryba 40 1 4 0
Penalty Kill - 3 Players Forward
Forward Time % Phy DF OF
1 Claude Giroux 60 0 5 0
2 Steven Stamkos 40 0 5 0
Penalty Kill - 3 Players Defense
Defense Defense Time % Phy DF OF
1 Sean Zimmerman Keith Aulie 60 1 4 0
2 Danny DeKeiser Eric Gryba 40 1 4 0
4 vs 4 Forward
Center Wing Time % Phy DF OF
1 Steven Stamkos Andrew Cogliano 60 0 2 3
2 Claude Giroux Sean Bergenheim 40 0 2 3
4 vs 4 Defense
Defense Defense Time % Phy DF OF
1 Sean Zimmerman Keith Aulie 60 1 2 2
2 Danny DeKeiser Victor Hedman 40 1 2 2
Last Minutes Offensive
Center Left Wing Right Wing Defense Defense
Steven Stamkos Sean Bergenheim Claude Giroux Victor Hedman Keith Aulie
Last Minutes Defensive
Center Left Wing Right Wing Defense Defense
Steven Stamkos Sean Bergenheim Claude Giroux Sean Zimmerman Keith Aulie
Goaltenders
Starting : Michal Neuvirth
Backup : Sergei Bobrovsky
Extra Forwards
Normal : Claude Giroux, Steven Stamkos, Marcus Foligno - PP : Claude Giroux, Steven Stamkos - PK : Claude Giroux
Extra Defensemen
Normal : Sean Zimmerman, Danny DeKeiser, Eric Gryba - PP : Victor Hedman - PK : Sean Zimmerman, Danny DeKeiser
Penalty Shots
Claude Giroux, Steven Stamkos, Sean Bergenheim, Andrew Cogliano, Marcus Foligno
Scratches
Michael Raffl (Healthy)
% Time on Ice - Blackhawks
Lines # - Real PCT - Wanted PCT - Time Play
Normal Forward
1 - 34% - 40% - 17:27
2 - 29% - 30% - 14:38
3 - 23% - 20% - 11:50
4 - 14% - 10% - 6:57
Normal Defense
1 - 39% - 40% - 19:40
2 - 33% - 35% - 16:43
3 - 28% - 25% - 14:29
4 - 0% - 0% - 0:00
PP Forward
1 - 51% - 60% - 3:38
2 - 49% - 40% - 3:31
PP Defense
1 - 65% - 60% - 4:38
2 - 35% - 40% - 2:31
PK Forward
1 - 97% - 60% - 1:56
2 - 3% - 40% - 0:03
PK Defense
1 - 64% - 60% - 1:16
2 - 36% - 40% - 0:43
PK3 Forward
1 - 0% - 60%
2 - 0% - 40%
PK3 Defense
1 - 0% - 60%
2 - 0% - 40%
44 Forward
1 - 85% - 60% - 4:15
2 - 15% - 40% - 0:45
44 Defense
1 - 60% - 60% - 3:00
2 - 40% - 40% - 2:00
Last Minute Offensive - 0:00
Last Minute Defensive - 0:00
Total
Forward - 65:00
Defense - 65:00
|
% Time on Ice - Penguins
Lines # - Real PCT - Wanted PCT - Time Play
Normal Forward
1 - 36% - 40% - 18:33
2 - 28% - 30% - 14:04
3 - 23% - 20% - 11:37
4 - 13% - 10% - 6:38
Normal Defense
1 - 39% - 40% - 20:03
2 - 34% - 30% - 17:12
3 - 22% - 20% - 11:13
4 - 5% - 10% - 2:24
PP Forward
1 - 52% - 60% - 1:02
2 - 48% - 40% - 0:57
PP Defense
1 - 55% - 60% - 1:05
2 - 45% - 40% - 0:54
PK Forward
1 - 82% - 60% - 5:51
2 - 18% - 40% - 1:18
PK Defense
1 - 72% - 60% - 5:08
2 - 28% - 40% - 2:01
PK3 Forward
1 - 100% - 60% - 0:29
2 - 0% - 40% - 0:00
PK3 Defense
1 - 100% - 60% - 0:29
2 - 0% - 40% - 0:00
44 Forward
1 - 100% - 60% - 4:31
2 - 0% - 40% - 0:00
44 Defense
1 - 52% - 60% - 2:20
2 - 48% - 40% - 2:11
Last Minute Offensive - 0:00
Last Minute Defensive - 0:00
Total
Forward - 65:00
Defense - 65:00
|
Play-by-Play
1st period
0:01 of 1st period - Derick Brassard wins face-off versus Steven Stamkos in neutral zone.
0:04 of 1st period - Slapshot by Derick Brassard.
0:04 of 1st period - Stopped by Michal Neuvirth with a rebound.
0:26 of 1st period - Claude Giroux is hit by Rick Nash.
0:38 of 1st period - Slapshot by Rick Nash.
0:38 of 1st period - Stopped by Michal Neuvirth without a rebound.
0:39 of 1st period - Erik Christensen wins face-off versus Joe Colborne in Penguins zone.
0:46 of 1st period - Snap shot by Erik Christensen.
0:46 of 1st period - Shot Misses the Net.
2:32 of 1st period - Snap shot by Derick Brassard.
2:32 of 1st period - Shot Misses the Net.
2:34 of 1st period - Backhand shot by Chris Kreider.
2:34 of 1st period - Stopped by Michal Neuvirth with a rebound.
3:25 of 1st period - Minor Penalty to Sean Bergenheim for Holding.
3:26 of 1st period - Claude Giroux wins face-off versus Derick Brassard in Penguins zone.
3:37 of 1st period - Sean Zimmerman is hit by Rick Nash and loses puck.
4:04 of 1st period - Sean Zimmerman is hit by Antoine Roussel and loses puck.
5:09 of 1st period - Derick Brassard is hit by Logan Couture and loses puck.
5:25 of 1st period - Penalty to Sean Bergenheim is over, Sean Bergenheim is back on ice.
6:00 of 1st period - Slapshot by Scott Gomez.
6:00 of 1st period - Stopped by Michal Neuvirth without a rebound.
6:01 of 1st period - Joe Colborne wins face-off versus Scott Gomez in Penguins zone.
6:27 of 1st period - David Jones is hit by Claude Giroux and loses puck.
6:55 of 1st period - Danny DeKeiser is hit by Mike Green and loses puck.
7:10 of 1st period - Slapshot by Victor Hedman.
7:10 of 1st period - Shot Misses the Net.
7:12 of 1st period - Wrist shot by Danny DeKeiser.
7:12 of 1st period - Shot Blocked by Antoine Roussel.
7:14 of 1st period - Slapshot by Victor Hedman.
7:14 of 1st period - Shot Hit the Post.
7:16 of 1st period - Snap shot by Victor Hedman.
7:16 of 1st period - Stopped by Jimmy Howard with a rebound.
7:18 of 1st period - Snap shot by Tuomo Ruutu.
7:18 of 1st period - Stopped by Jimmy Howard with a rebound.
8:15 of 1st period - Snap shot by Andrew Cogliano.
8:15 of 1st period - Stopped by Jimmy Howard without a rebound.
8:16 of 1st period - Steven Stamkos wins face-off versus Derick Brassard in Blackhawks zone.
8:43 of 1st period - Kevin Marshall is hit by Matt Corrente and loses puck.
8:56 of 1st period - Wrist shot by Derick Brassard.
8:56 of 1st period - Deflect By Nathan Horton.
8:56 of 1st period - Shot Misses the Net.
8:56 of 1st period - Puck is out of play.
8:57 of 1st period - Steven Stamkos wins face-off versus Cody Hodgson in Penguins zone.
9:00 of 1st period - Wrist shot by Rick Nash.
9:00 of 1st period - Goal by Rick Nash - Blackhawks : 1 - Penguins : 0.
9:01 of 1st period - Steven Stamkos wins face-off versus Derick Brassard in neutral zone.
9:15 of 1st period - Off-side.
9:16 of 1st period - Logan Couture wins face-off versus Cody Hodgson in neutral zone.
9:27 of 1st period - Wrist shot by Sean Bergenheim.
9:27 of 1st period - Stopped by Jimmy Howard with a rebound.
9:44 of 1st period - Off-side.
9:45 of 1st period - Steven Stamkos wins face-off versus Derick Brassard in neutral zone.
9:58 of 1st period - Snap shot by Andrew Cogliano.
9:58 of 1st period - Deflect By Steven Stamkos.
9:58 of 1st period - Stopped by Jimmy Howard with a rebound.
10:00 of 1st period - Wrist shot by Andrew Cogliano.
10:00 of 1st period - Shot Misses the Net.
10:02 of 1st period - Snap shot by Steven Stamkos.
10:02 of 1st period - Stopped by Jimmy Howard with a rebound.
10:04 of 1st period - Wrist shot by Andrew Cogliano.
10:04 of 1st period - Goal by Andrew Cogliano - Blackhawks : 1 - Penguins : 1.
10:05 of 1st period - Steven Stamkos wins face-off versus Derick Brassard in neutral zone.
10:40 of 1st period - Snap shot by Rick Nash.
10:40 of 1st period - Shot Blocked by Claude Giroux.
10:42 of 1st period - Slapshot by Mike Green.
10:42 of 1st period - Stopped by Michal Neuvirth with a rebound.
10:44 of 1st period - Wrist shot by Cody Hodgson.
10:44 of 1st period - Shot Misses the Net.
10:46 of 1st period - Slapshot by Mike Green.
10:46 of 1st period - Stopped by Michal Neuvirth without a rebound.
10:47 of 1st period - Joe Colborne wins face-off versus Erik Christensen in Penguins zone.
11:02 of 1st period - Slapshot by Victor Hedman.
11:02 of 1st period - Shot Blocked by John Carlson.
11:12 of 1st period - Eric Brewer is hit by Dustin Brown and loses puck.
11:23 of 1st period - Snap shot by Steven Stamkos.
11:23 of 1st period - Stopped by Jimmy Howard with a rebound.
12:13 of 1st period - John Carlson is hit by Joe Colborne and loses puck.
12:22 of 1st period - Snap shot by Joe Colborne.
12:22 of 1st period - Stopped by Jimmy Howard with a rebound.
13:24 of 1st period - Wrist shot by Joe Colborne.
13:24 of 1st period - Shot Blocked by Scott Gomez.
13:46 of 1st period - Wrist shot by Andrew Cogliano.
13:46 of 1st period - Stopped by Jimmy Howard without a rebound.
13:47 of 1st period - Derick Brassard wins face-off versus Steven Stamkos in Blackhawks zone.
13:52 of 1st period - Wrist shot by Chris Kreider.
13:52 of 1st period - Shot Misses the Net.
13:54 of 1st period - Snap shot by Chris Kreider.
13:54 of 1st period - Shot Misses the Net.
13:56 of 1st period - Slapshot by Derick Brassard.
13:56 of 1st period - Shot Misses the Net.
13:58 of 1st period - Slapshot by Nathan Horton.
13:58 of 1st period - Shot Blocked by Steven Stamkos.
14:04 of 1st period - Backhand shot by Derick Brassard.
14:04 of 1st period - Shot Blocked by Andrew Cogliano.
14:41 of 1st period - Snap shot by Antoine Roussel.
14:41 of 1st period - Stopped by Michal Neuvirth with a rebound.
14:43 of 1st period - Slapshot by Matthew Spiller.
14:43 of 1st period - Shot Misses the Net.
14:47 of 1st period - Slapshot by Rick Nash.
14:47 of 1st period - Stopped by Michal Neuvirth with a rebound.
15:24 of 1st period - Logan Couture is hit by Rick Nash.
15:42 of 1st period - Sean Zimmerman is hit by Antoine Roussel.
16:46 of 1st period - Rick Nash is hit by Claude Giroux and loses puck.
16:57 of 1st period - Rick Nash is hit by Sean Zimmerman and loses puck.
17:12 of 1st period - Snap shot by Claude Giroux.
17:12 of 1st period - Goal by Claude Giroux - Blackhawks : 1 - Penguins : 2.
17:13 of 1st period - Derick Brassard wins face-off versus Steven Stamkos in neutral zone.
17:28 of 1st period - Snap shot by Steven Stamkos.
17:28 of 1st period - Deflect By Dustin Brown.
17:28 of 1st period - Shot Blocked by Nathan Horton.
17:28 of 1st period - Puck is out of play.
17:29 of 1st period - Joe Colborne wins face-off versus Erik Christensen in Blackhawks zone.
18:32 of 1st period - Backhand shot by Seth Jones.
18:32 of 1st period - Shot Blocked by Eric Gryba.
18:34 of 1st period - Slapshot by Seth Jones.
18:34 of 1st period - Shot Misses the Net.
18:44 of 1st period - Brandon Yip is hit by Eric Gryba and loses puck.
18:59 of 1st period - Marcus Foligno is hit by Erik Christensen and loses puck.
19:57 of 1st period - Gabriel Bourque is hit by Marcus Foligno.
Goals for this period are 1 for Blackhawks vs 2 for Penguins.
Shots for this period are 9 for Blackhawks vs 11 for Penguins.
2nd period
0:01 of 2nd period - Derick Brassard wins face-off versus Steven Stamkos in neutral zone.
0:23 of 2nd period - Icing by Nathan Horton.
0:24 of 2nd period - Erik Christensen wins face-off versus Joe Colborne in Blackhawks zone.
0:36 of 2nd period - Off-side.
0:37 of 2nd period - Steven Stamkos wins face-off versus Derick Brassard in neutral zone.
0:39 of 2nd period - Off-side.
0:40 of 2nd period - Derick Brassard wins face-off versus Steven Stamkos in neutral zone.
1:17 of 2nd period - Snap shot by Sean Bergenheim.
1:17 of 2nd period - Stopped by Jimmy Howard without a rebound.
1:18 of 2nd period - Joe Colborne wins face-off versus Erik Christensen in Blackhawks zone.
1:33 of 2nd period - Slapshot by Seth Jones.
1:33 of 2nd period - Stopped by Michal Neuvirth with a rebound.
2:15 of 2nd period - Slapshot by John Carlson.
2:15 of 2nd period - Shot Blocked by Dustin Brown.
2:27 of 2nd period - Slapshot by Claude Giroux.
2:27 of 2nd period - Shot Misses the Net.
2:29 of 2nd period - Slapshot by Victor Hedman.
2:29 of 2nd period - Shot Misses the Net.
2:31 of 2nd period - Wrist shot by Victor Hedman.
2:31 of 2nd period - Stopped by Jimmy Howard without a rebound.
2:32 of 2nd period - Logan Couture wins face-off versus Derick Brassard in Blackhawks zone.
3:07 of 2nd period - Wrist shot by Logan Couture.
3:07 of 2nd period - Stopped by Jimmy Howard with a rebound.
3:09 of 2nd period - Slapshot by Matt Corrente.
3:09 of 2nd period - Stopped by Jimmy Howard without a rebound.
3:10 of 2nd period - Erik Christensen wins face-off versus Steven Stamkos in Blackhawks zone.
3:32 of 2nd period - Steven Stamkos is hit by Erik Christensen and loses puck.
4:13 of 2nd period - Snap shot by Gabriel Bourque.
4:13 of 2nd period - Stopped by Michal Neuvirth with a rebound.
4:15 of 2nd period - Snap shot by Gabriel Bourque.
4:15 of 2nd period - Stopped by Michal Neuvirth without a rebound.
4:16 of 2nd period - Steven Stamkos wins face-off versus Derick Brassard in Penguins zone.
6:12 of 2nd period - Kevin Marshall is hit by Sean Zimmerman and loses puck.
7:10 of 2nd period - Snap shot by Seth Jones.
7:10 of 2nd period - Stopped by Michal Neuvirth with a rebound.
7:12 of 2nd period - Slapshot by Mike Green.
7:12 of 2nd period - Shot Misses the Net.
7:14 of 2nd period - Slapshot by Seth Jones.
7:14 of 2nd period - Shot Blocked by Andrew Cogliano.
7:16 of 2nd period - Slapshot by Mike Green.
7:16 of 2nd period - Stopped by Michal Neuvirth with a rebound.
7:18 of 2nd period - Snap shot by Gabriel Bourque.
7:18 of 2nd period - Shot Misses the Net.
7:20 of 2nd period - Snap shot by Scott Gomez.
7:20 of 2nd period - Shot Misses the Net.
7:55 of 2nd period - Slapshot by Eric Brewer.
7:55 of 2nd period - Deflect By Nathan Horton.
7:55 of 2nd period - Shot Blocked by Keith Aulie.
7:55 of 2nd period - Puck is out of play.
7:56 of 2nd period - Derick Brassard wins face-off versus Dustin Brown in Penguins zone.
8:22 of 2nd period - Logan Couture is hit by Rick Nash.
8:44 of 2nd period - Marcus Foligno is hit by Mike Green and loses puck.
9:36 of 2nd period - Wrist shot by Steven Stamkos.
9:36 of 2nd period - Stopped by Jimmy Howard with a rebound.
9:59 of 2nd period - Wrist shot by Cody Hodgson.
9:59 of 2nd period - Stopped by Michal Neuvirth without a rebound.
10:00 of 2nd period - Joe Colborne wins face-off versus Derick Brassard in Penguins zone.
10:00 of 2nd period - Joe Colborne is hit by Kevin Marshall.
10:34 of 2nd period - Snap shot by Steven Stamkos.
10:34 of 2nd period - Shot Blocked by Eric Brewer.
10:36 of 2nd period - Snap shot by Andrew Cogliano.
10:36 of 2nd period - Stopped by Jimmy Howard without a rebound.
10:37 of 2nd period - Steven Stamkos wins face-off versus Cody Hodgson in Blackhawks zone.
10:44 of 2nd period - Wrist shot by Steven Stamkos.
10:44 of 2nd period - Stopped by Jimmy Howard with a rebound.
11:12 of 2nd period - Wrist shot by Andrew Cogliano.
11:12 of 2nd period - Stopped by Jimmy Howard without a rebound.
11:13 of 2nd period - Derick Brassard wins face-off versus Logan Couture in Blackhawks zone.
11:24 of 2nd period - Claude Giroux is hit by Chris Kreider and loses puck.
12:07 of 2nd period - Wrist shot by Tomas Fleischmann.
12:07 of 2nd period - Stopped by Michal Neuvirth without a rebound.
12:08 of 2nd period - Derick Brassard wins face-off versus Steven Stamkos in Penguins zone.
12:09 of 2nd period - Wrist shot by Chris Kreider.
12:09 of 2nd period - Stopped by Michal Neuvirth with a rebound.
12:21 of 2nd period - Snap shot by Derick Brassard.
12:21 of 2nd period - Stopped by Michal Neuvirth without a rebound.
12:22 of 2nd period - Derick Brassard wins face-off versus Steven Stamkos in Penguins zone.
12:30 of 2nd period - Off-side.
12:31 of 2nd period - Steven Stamkos wins face-off versus Derick Brassard in neutral zone.
12:43 of 2nd period - Slapshot by John Carlson.
12:43 of 2nd period - Stopped by Michal Neuvirth with a rebound.
13:00 of 2nd period - Off-side.
13:01 of 2nd period - Cody Hodgson wins face-off versus Logan Couture in neutral zone.
13:10 of 2nd period - Snap shot by Antoine Roussel.
13:10 of 2nd period - Deflect By Rick Nash.
13:10 of 2nd period - Shot Misses the Net.
13:10 of 2nd period - Puck is out of play.
13:11 of 2nd period - Logan Couture wins face-off versus Cody Hodgson in Penguins zone.
13:11 of 2nd period - Logan Couture is hit by Mike Green.
13:14 of 2nd period - Icing by Claude Giroux.
13:15 of 2nd period - Derick Brassard wins face-off versus Claude Giroux in Penguins zone.
14:31 of 2nd period - Gabriel Bourque is hit by Cal Clutterbuck and loses puck.
15:18 of 2nd period - Antoine Roussel is hit by Matt Corrente and loses puck.
15:40 of 2nd period - Snap shot by Erik Christensen.
15:40 of 2nd period - Shot Blocked by Danny DeKeiser.
16:17 of 2nd period - Mike Green is hit by Eric Gryba and loses puck.
16:35 of 2nd period - Snap shot by Ales Hemsky.
16:35 of 2nd period - Stopped by Jimmy Howard without a rebound.
16:36 of 2nd period - Cody Hodgson wins face-off versus Tomas Plekanec in Blackhawks zone.
16:47 of 2nd period - Snap shot by Antoine Roussel.
16:47 of 2nd period - Stopped by Michal Neuvirth with a rebound.
16:49 of 2nd period - Slapshot by Rick Nash.
16:49 of 2nd period - Shot Misses the Net.
16:51 of 2nd period - Slapshot by Kevin Marshall.
16:51 of 2nd period - Shot Blocked by Danny DeKeiser.
16:59 of 2nd period - Slapshot by Seth Jones.
16:59 of 2nd period - Stopped by Michal Neuvirth with a rebound.
17:01 of 2nd period - Slapshot by Mike Green.
17:01 of 2nd period - Deflect By Antoine Roussel.
17:01 of 2nd period - Stopped by Michal Neuvirth without a rebound.
17:02 of 2nd period - Steven Stamkos wins face-off versus Derick Brassard in Penguins zone.
17:08 of 2nd period - Off-side.
17:09 of 2nd period - Steven Stamkos wins face-off versus Derick Brassard in neutral zone.
17:09 of 2nd period - Sean Zimmerman is hit by Derick Brassard and loses puck.
17:22 of 2nd period - Slapshot by John Carlson.
17:22 of 2nd period - Shot Misses the Net.
17:28 of 2nd period - Wrist shot by Steven Stamkos.
17:28 of 2nd period - Stopped by Jimmy Howard with a rebound.
17:30 of 2nd period - Snap shot by Steven Stamkos.
17:30 of 2nd period - Shot Misses the Net.
17:32 of 2nd period - Snap shot by Steven Stamkos.
17:32 of 2nd period - Shot Blocked by John Carlson.
17:34 of 2nd period - Wrist shot by Steven Stamkos.
17:34 of 2nd period - Shot Misses the Net.
17:38 of 2nd period - Slapshot by Dustin Brown.
17:38 of 2nd period - Shot Misses the Net.
17:46 of 2nd period - Wrist shot by Andrew Cogliano.
17:46 of 2nd period - Stopped by Jimmy Howard without a rebound.
17:47 of 2nd period - Logan Couture wins face-off versus Cody Hodgson in Blackhawks zone.
17:59 of 2nd period - Minor Penalty to Rick Nash for High sticking.
18:00 of 2nd period - Antoine Roussel wins face-off versus Steven Stamkos in Blackhawks zone.
18:37 of 2nd period - Slapshot by Sean Zimmerman.
18:37 of 2nd period - Stopped by Jimmy Howard with a rebound.
19:59 of 2nd period - Penalty to Rick Nash is over, Rick Nash is back on ice.
Goals for this period are 0 for Blackhawks vs 0 for Penguins.
Shots for this period are 13 for Blackhawks vs 12 for Penguins.
3rd period
0:01 of 3rd period - Steven Stamkos wins face-off versus Chris Kreider in neutral zone.
0:23 of 3rd period - Minor Penalty to Keith Aulie for Unsportsmanlike conduct.
0:24 of 3rd period - Derick Brassard wins face-off versus Claude Giroux in Penguins zone.
1:09 of 3rd period - Cal Clutterbuck is hit by Nathan Horton and loses puck.
1:48 of 3rd period - Icing by John Carlson.
1:49 of 3rd period - Cody Hodgson wins face-off versus Claude Giroux in Blackhawks zone.
2:04 of 3rd period - Wrist shot by Chris Kreider.
2:04 of 3rd period - Goal by Chris Kreider - Blackhawks : 2 - Penguins : 2.
2:05 of 3rd period - Erik Christensen wins face-off versus Steven Stamkos in neutral zone.
3:04 of 3rd period - Kevin Marshall is hit by Dustin Brown and loses puck.
3:36 of 3rd period - Wrist shot by Keith Aulie.
3:36 of 3rd period - Stopped by Jimmy Howard without a rebound.
3:37 of 3rd period - Derick Brassard wins face-off versus Logan Couture in Blackhawks zone.
4:03 of 3rd period - Danny DeKeiser is hit by Antoine Roussel and loses puck.
4:12 of 3rd period - Slapshot by Mike Green.
4:12 of 3rd period - Stopped by Michal Neuvirth with a rebound.
4:58 of 3rd period - Antoine Roussel is hit by Victor Hedman and loses puck.
5:14 of 3rd period - Slapshot by Seth Jones.
5:14 of 3rd period - Deflect By Ales Hemsky.
5:14 of 3rd period - Stopped by Michal Neuvirth without a rebound.
5:15 of 3rd period - Tomas Plekanec wins face-off versus Derick Brassard in Penguins zone.
5:46 of 3rd period - Wrist shot by Gabriel Bourque.
5:46 of 3rd period - Deflect By Scott Gomez.
5:46 of 3rd period - Stopped by Michal Neuvirth without a rebound.
5:47 of 3rd period - Scott Gomez wins face-off versus Steven Stamkos in Penguins zone.
6:16 of 3rd period - Logan Couture is hit by Derick Brassard and loses puck.
6:27 of 3rd period - Chris Kreider is hit by Sean Bergenheim and loses puck.
6:36 of 3rd period - Minor Penalty to Sean Bergenheim for Interference.
6:37 of 3rd period - Claude Giroux wins face-off versus Rick Nash in Penguins zone.
6:48 of 3rd period - Wrist shot by Derick Brassard.
6:48 of 3rd period - Shot Blocked by Claude Giroux.
7:35 of 3rd period - Antoine Roussel is hit by Logan Couture and loses puck.
8:13 of 3rd period - Off-side.
8:14 of 3rd period - Derick Brassard wins face-off versus Logan Couture in neutral zone.
8:36 of 3rd period - Penalty to Sean Bergenheim is over, Sean Bergenheim is back on ice.
8:55 of 3rd period - Wrist shot by Gabriel Bourque.
8:55 of 3rd period - Shot Blocked by Danny DeKeiser.
9:11 of 3rd period - Snap shot by Joe Colborne.
9:11 of 3rd period - Stopped by Jimmy Howard with a rebound.
9:13 of 3rd period - Snap shot by Marcus Foligno.
9:13 of 3rd period - Stopped by Jimmy Howard without a rebound.
9:14 of 3rd period - Chris Kreider wins face-off versus Joe Colborne in Blackhawks zone.
9:51 of 3rd period - Tuomo Ruutu is hit by Rick Nash and loses puck.
10:05 of 3rd period - Off-side.
10:06 of 3rd period - Steven Stamkos wins face-off versus Erik Christensen in neutral zone.
12:20 of 3rd period - Slapshot by John Carlson.
12:20 of 3rd period - Shot Blocked by Cal Clutterbuck.
12:22 of 3rd period - Slapshot by Eric Brewer.
12:22 of 3rd period - Shot Blocked by Matt Corrente.
13:36 of 3rd period - Dustin Brown is hit by Mike Green and loses puck.
13:43 of 3rd period - Slapshot by Keith Aulie.
13:43 of 3rd period - Shot Misses the Net.
13:45 of 3rd period - Slapshot by Dustin Brown.
13:45 of 3rd period - Deflect By Erik Christensen.
13:45 of 3rd period - Stopped by Jimmy Howard without a rebound.
13:46 of 3rd period - Derick Brassard wins face-off versus Steven Stamkos in Blackhawks zone.
14:23 of 3rd period - Snap shot by Rick Nash.
14:23 of 3rd period - Deflect By Cody Hodgson.
14:23 of 3rd period - Shot Misses the Net.
14:23 of 3rd period - Puck is out of play.
14:24 of 3rd period - Logan Couture wins face-off versus Tomas Fleischmann in Penguins zone.
14:24 of 3rd period - Logan Couture is hit by Brandon Yip.
14:50 of 3rd period - Steven Stamkos is hit by Chris Kreider and loses puck.
15:13 of 3rd period - Wrist shot by Antoine Roussel.
15:13 of 3rd period - Shot Misses the Net.
15:15 of 3rd period - Snap shot by Antoine Roussel.
15:15 of 3rd period - Deflect By Rick Nash.
15:15 of 3rd period - Shot Blocked by Cal Clutterbuck.
15:15 of 3rd period - Puck is out of play.
15:16 of 3rd period - Cody Hodgson wins face-off versus Joe Colborne in Penguins zone.
15:31 of 3rd period - Slapshot by Joe Colborne.
15:31 of 3rd period - Shot Misses the Net.
16:09 of 3rd period - Wrist shot by Antoine Roussel.
16:09 of 3rd period - Shot Misses the Net.
16:11 of 3rd period - Snap shot by Cody Hodgson.
16:11 of 3rd period - Stopped by Michal Neuvirth with a rebound.
16:13 of 3rd period - Snap shot by John Carlson.
16:13 of 3rd period - Shot Misses the Net.
16:15 of 3rd period - Slapshot by Antoine Roussel.
16:15 of 3rd period - Stopped by Michal Neuvirth without a rebound.
16:16 of 3rd period - Steven Stamkos wins face-off versus Derick Brassard in Penguins zone.
16:45 of 3rd period - Snap shot by Tomas Fleischmann.
16:45 of 3rd period - Shot Blocked by Sean Bergenheim.
16:47 of 3rd period - Slapshot by Brandon Yip.
16:47 of 3rd period - Stopped by Michal Neuvirth without a rebound.
16:48 of 3rd period - Erik Christensen wins face-off versus Logan Couture in Penguins zone.
17:06 of 3rd period - Icing by Matthew Spiller.
17:07 of 3rd period - Erik Christensen wins face-off versus Steven Stamkos in Blackhawks zone.
18:05 of 3rd period - Snap shot by Claude Giroux.
18:05 of 3rd period - Deflect By Chris Kreider.
18:05 of 3rd period - Shot Blocked by Kevin Marshall.
18:05 of 3rd period - Puck is out of play.
18:06 of 3rd period - Steven Stamkos wins face-off versus Derick Brassard in Blackhawks zone.
18:29 of 3rd period - Minor Penalty to Dustin Brown for Holding.
18:30 of 3rd period - Claude Giroux wins face-off versus Chris Kreider in Penguins zone.
18:57 of 3rd period - Cal Clutterbuck is hit by Nathan Horton and loses puck.
Goals for this period are 1 for Blackhawks vs 0 for Penguins.
Shots for this period are 7 for Blackhawks vs 4 for Penguins.
Overtime #1
0:01 of 1st overtime period - Claude Giroux wins face-off versus Antoine Roussel in neutral zone.
0:29 of 1st overtime period - Penalty to Dustin Brown is over, Dustin Brown is back on ice.
0:34 of 1st overtime period - Snap shot by Claude Giroux.
0:34 of 1st overtime period - Deflect By Andrew Cogliano.
0:34 of 1st overtime period - Stopped by Jimmy Howard with a rebound.
0:44 of 1st overtime period - Snap shot by Andrew Cogliano.
0:44 of 1st overtime period - Shot Blocked by Mike Green.
1:02 of 1st overtime period - John Carlson is hit by Steven Stamkos and loses puck.
1:41 of 1st overtime period - Wrist shot by Chris Kreider.
1:41 of 1st overtime period - Shot Misses the Net.
1:43 of 1st overtime period - Slapshot by Chris Kreider.
1:43 of 1st overtime period - Shot Misses the Net.
3:56 of 1st overtime period - Snap shot by Gabriel Bourque.
3:56 of 1st overtime period - Stopped by Michal Neuvirth without a rebound.
3:57 of 1st overtime period - Brandon Yip wins face-off versus Claude Giroux in Penguins zone.
4:48 of 1st overtime period - Slapshot by Chris Kreider.
4:48 of 1st overtime period - Shot Blocked by Victor Hedman.
4:50 of 1st overtime period - Snap shot by Rick Nash.
4:50 of 1st overtime period - Stopped by Michal Neuvirth without a rebound.
4:51 of 1st overtime period - Antoine Roussel wins face-off versus Steven Stamkos in Penguins zone.
Goals for this period are 0 for Blackhawks vs 0 for Penguins.
Shots for this period are 2 for Blackhawks vs 1 for Penguins.
ShootOut
5:00 of 1st overtime period - Round #1.
5:00 of 1st overtime period - Blackhawks, Antoine Roussel.
5:00 of 1st overtime period - Deke by Antoine Roussel.
5:00 of 1st overtime period - Stopped by Michal Neuvirth.
5:00 of 1st overtime period - Penguins, Claude Giroux.
5:00 of 1st overtime period - Deke by Claude Giroux.
5:00 of 1st overtime period - Stopped by Jimmy Howard.
5:00 of 1st overtime period - Round #2.
5:00 of 1st overtime period - Blackhawks, Derick Brassard.
5:00 of 1st overtime period - Snap shot by Derick Brassard.
5:00 of 1st overtime period - Stopped by Michal Neuvirth.
5:00 of 1st overtime period - Penguins, Steven Stamkos.
5:00 of 1st overtime period - Wrist shot by Steven Stamkos.
5:00 of 1st overtime period - Goal by Steven Stamkos.
5:00 of 1st overtime period - Round #3.
5:00 of 1st overtime period - Blackhawks, Chris Kreider.
5:00 of 1st overtime period - Snap shot by Chris Kreider.
5:00 of 1st overtime period - Stopped by Michal Neuvirth.
Back to the Top